AoeStats
← 白鹿城拉车车

Arena

509868677Analyzed
4v4 RM · 2d ago on Sep 28, 2026· 53m 13s· 8 players
Game mode
Random Map
Map size
Large (8 player)
Population
200
Speed
Normal
Resources
Standard
Victory
Conquest
Starting age
Dark Age
Ending age
Imperial Age
RankedLock teamsTeams togetherTeam positionsShared explorationLock speedFull tech treeHidden civsTurbo modeCheats
Victory
Defeat
🇲🇳 Sicilians · Mongolia
1279
+15
1246
+16
🇭🇰 Poles · Hong Kong SAR China
1227
+17
🇲🇳 Khmer · Mongolia
1204
+18
🇨🇳 Danes · China
1357
-22
🇨🇳 Saxons · China
1268
-17
1221
-15
🇭🇰 Muisca · Hong Kong SAR China
1143
-12
adam
5:32 Loom
11:47 Feudal Age
12:45 Double-Bit Axe
15:33 Castle Age
13:34 Horse Collar
16:44 Bow Saw
17:37 Heavy Plow
20:17 Fortified Wall
22:54 Wheelbarrow
23:29 Fortified Wall
24:56 Gold Mining
25:00 Stone Mining
25:46 Husbandry
25:57 Bloodlines
25:57 Szlachta Privileges
25:59 Scale Barding Armor
26:29 Loom
27:08 Forging
28:24 Chain Barding Armor
32:34 Imperial Age
31:19 Hand Cart
30:49 Town Watch
32:37 Iron Casting
32:55 Town Patrol
34:14 Cavalier
36:03 Blast Furnace
35:26 Conscription
36:20 Crop Rotation
39:18 Coinage
39:03 Siege Engineers
43:31 Light Cavalry
44:40 Lechitic Legacy
45:27 Banking
45:14 Masonry
46:14 Winged Hussar
49:57 Chemistry
51:24 Fletching
51:35 Caravan
52:31 Murder Holes
BøM_從小不缺鮑魚
9:20 Feudal Age
13:17 Castle Age
11:15 Double-Bit Axe
11:52 Horse Collar
14:19 Bow Saw
18:19 Gold Mining
21:11 Stone Mining
26:28 Imperial Age
24:02 Stone Mining
24:36 Ballistics
25:15 Wheelbarrow
25:10 Padded Archer Armor
26:25 Leather Archer Armor
26:46 Hand Cart
28:22 Chemistry
28:28 Two-Man Saw
27:30 Loom
28:25 Heavy Plow
29:00 Ring Archer Armor
32:26 Crop Rotation
32:33 Stone Shaft Mining
32:11 Fletching
32:09 Arson
32:25 Squires
33:14 Pirotechnia
34:31 Conscription
34:43 Forging
34:33 Scale Mail Armor
36:15 Iron Casting
37:21 Chain Mail Armor
40:09 Plate Mail Armor
40:40 Blast Furnace
39:54 Caravan
41:03 Thumb Ring
40:19 Elite Skirmisher
40:24 Pikeman
42:17 Silk Road
42:57 Bodkin Arrow
44:59 Hoardings
45:18 Bracer
46:51 Scale Barding Armor
48:02 Bloodlines
47:54 Husbandry
47:16 Light Cavalry
48:20 Chain Barding Armor
50:19 Plate Barding Armor
51:02 Hussar
52:39 Treadmill Crane
52:54 Murder Holes
53:10 Masonry
53:11 Fortified Wall
Tulga_urlug
10:32 Feudal Age
9:56 Loom
15:25 Castle Age
13:44 Horse Collar
13:52 Double-Bit Axe
16:48 Wheelbarrow
17:17 Bow Saw
22:29 Fletching
23:33 Bodkin Arrow
23:37 Town Watch
27:01 Hand Cart
34:26 Gold Mining
34:38 Heavy Plow
42:03 Imperial Age
40:04 First Crusade
40:21 Forging
40:13 Scale Mail Armor
40:29 Squires
40:15 Arson
41:41 Iron Casting
41:45 Murder Holes
42:00 Masonry
42:35 Chain Mail Armor
45:10 Blast Furnace
44:17 Man-at-Arms
45:08 Padded Archer Armor
44:54 Crossbowman
45:11 Long Swordsman
45:37 Gambesons
46:33 Leather Archer Armor
47:25 Chemistry
46:46 Ballistics
46:10 Cranequins
46:48 Arbalester
47:29 Bracer
47:47 Town Patrol
49:20 Plate Mail Armor
48:12 Two-Handed Swordsman
48:59 Pikeman
50:46 Crop Rotation
50:35 Champion
52:19 Gold Shaft Mining
XYHHY
1:53 Loom
11:57 Feudal Age
15:23 Castle Age
13:55 Double-Bit Axe
13:52 Horse Collar
17:48 Bow Saw
20:25 Fervor
21:58 Heavy Plow
32:13 Fletching
33:26 Town Watch
37:03 Wheelbarrow
42:08 Imperial Age
40:23 Tusk Swords
40:30 Scale Barding Armor
40:52 Hand Cart
41:11 Gold Mining
41:25 Husbandry
42:00 Chain Barding Armor
42:16 Forging
42:27 Elite Battle Elephant
43:20 Bloodlines
44:26 Plate Barding Armor
45:52 Iron Casting
46:41 Gold Shaft Mining
49:56 Blast Furnace
50:04 Crop Rotation
49:27 Stone Mining
52:53 Town Patrol
52:51 Bodkin Arrow
微操大师蒋中正
10:02 Feudal Age
14:21 Castle Age
13:04 Double-Bit Axe
13:02 Horse Collar
15:17 Loom
18:06 Squires
21:27 Scale Mail Armor
25:11 Forging
26:31 Arson
27:42 Gambesons
28:22 Bow Saw
31:56 Town Watch
37:09 Wheelbarrow
38:28 Heavy Plow
40:28 Pikeman
46:28 Imperial Age
44:14 Hand Cart
47:20 Bloodlines
47:12 Husbandry
46:33 Light Cavalry
46:36 Elite Varangian Guard
47:09 Halberdier
47:47 Capped Ram
49:16 Conscription
48:20 Shield Wall
51:32 Chain Mail Armor
51:52 Iron Casting
重案组之虎曹达华JESSEJAMES
10:57 Feudal Age
13:42 Castle Age
11:54 Double-Bit Axe
12:43 Horse Collar
14:56 Bow Saw
15:31 Heavy Plow
15:55 Loom
24:35 Wheelbarrow
24:54 Gold Mining
26:22 Gold Shaft Mining
26:53 Hand Cart
30:41 Imperial Age
28:39 Fletching
29:31 Bodkin Arrow
30:06 Ballistics
32:03 Conscription
31:45 Double Crossbow
32:04 Padded Archer Armor
32:04 Bracer
32:13 Elite Skirmisher
33:11 Leather Archer Armor
34:59 Ring Archer Armor
34:49 Scale Mail Armor
36:01 Pikeman
36:58 Chain Mail Armor
37:19 Halberdier
38:16 Forging
40:17 Iron Casting
43:40 Coinage
44:09 Husbandry
44:19 Bloodlines
43:30 Light Cavalry
44:17 Scale Barding Armor
45:27 Chain Barding Armor
46:16 Hussar
48:04 Plate Barding Armor
Humetsang
11:07 Feudal Age
15:44 Castle Age
14:00 Double-Bit Axe
16:53 Horse Collar
26:30 Wheelbarrow
28:59 Imperial Age
26:27 Fletching
26:51 Gold Mining
26:52 Stone Mining
27:05 Padded Archer Armor
27:32 Ballistics
27:36 Bodkin Arrow
28:49 Leather Archer Armor
29:02 Elite Guecha Warrior
30:05 Conscription
30:50 Chemistry
29:53 Bracer
30:42 Gold Shaft Mining
30:42 Stone Shaft Mining
30:51 Scale Mail Armor
31:02 Forging
30:55 Elite Temple Guard
31:58 Chain Mail Armor
35:26 Plate Mail Armor
36:35 Iron Casting
39:52 Squires
白鹿城拉车车
10:23 Feudal Age
14:10 Castle Age
12:33 Double-Bit Axe
13:08 Horse Collar
15:09 Bow Saw
19:05 Scale Mail Armor
20:05 Gold Mining
20:40 Squires
22:00 Arson
23:18 Town Watch
25:18 Chain Mail Armor
27:05 Forging
27:46 Gambesons
28:08 Stone Mining
29:53 Wheelbarrow
31:33 Loom
33:06 Iron Casting
35:59 Hand Cart
36:11 Heavy Plow
35:49 Pikeman
40:53 Imperial Age
40:37 Gold Shaft Mining
40:37 Stone Shaft Mining
40:27 Town Patrol
40:59 Elite Varangian Guard
42:11 Plate Mail Armor
42:42 Blast Furnace
42:04 Conscription
41:36 Halberdier
41:59 Hamask
43:01 Capped Ram
43:26 Northmen's Fury
48:49 Fletching
50:04 Ballistics
50:11 Bodkin Arrow
51:05 Scale Barding Armor
52:22 Elite Jomsviking
Connection lost

Rejoining the realm…

Still unreachable

The connection could not be restored.

Session expired

The server has moved on; the page needs a fresh start.